 Dungeon Crawl Stone Soup version 0.18.1-47-g9310371 (webtiles) character file.

121 hannobal the Chiller (level 5, -1/31 HPs)
             Began as an Octopode Ice Elementalist on June 22, 2016.
             Slain by an orc (5 damage)
             ... on level 3 of the Dungeon.
             The game lasted 00:07:20 (2612 turns).

hannobal the Chiller (Octopode Ice Elementalist)    Turns: 2612, Time: 00:07:20

Health: -1/31      AC:  1    Str:  7    XL:     5   Next: 5%
Magic:  3/8        EV: 12    Int: 19    God:
Gold:   142        SH:  0    Dex: 12    Spells: 3 memorised, 2 levels left

rFire  . . .     SeeInvis .     n - +2 spear (vamp)
rCold  . . .     Gourm    .     (no shield)
rNeg   . . .     Faith    .     (helmet restricted)
rPois  .         Spirit   .     (no amulet)
rElec  .         Dismiss  .     (no ring)
rCorr  .         Reflect  .     (no ring)
SustAt .         Harm     .     (no ring)
MR     .....                    (no ring)
Stlth  +++.......               (no ring)
                                (no ring)
                                (no ring)
                                (no ring)

@: not resistant to hostile enchantments, fairly stealthy
A: almost no armour, amphibious, 8 rings, constrict 8, camouflage 1, gelatinous
body 1
a: no special abilities


You were on level 3 of the Dungeon.
You were hungry.

You visited 1 branch of the dungeon, and saw 3 of its levels.

You collected 142 gold pieces.

Inventory:

Hand Weapons
 a - a +2 dagger of speed
 i - a +0 club
 k - a +0 short sword
 n - a +2 vampiric spear (weapon)
 q - a +1 long sword of slicing
Missiles
 g - 51 stones (quivered)
 m - 41 arrows
Scrolls
 c - a scroll of remove curse
 d - a scroll of teleportation
 h - a scroll of identify
 l - 2 scrolls of noise
 p - 2 scrolls of blinking
Potions
 j - a potion of might {unknown}
Books
 e - a book of Frost

   Spells                             Type                      Level
   a - Freeze                         Ice                          1
   b - Throw Frost                    Conjuration/Ice              2
   c - Ozocubu's Armour               Charms/Ice                   3
   d - Throw Icicle                   Conjuration/Ice              4
   e - Summon Ice Beast               Ice/Summoning                4
Comestibles
 b - 4 bread rations
 f - 4 chunks of flesh


   Skills:
 - Level 2.0 Dodging
 - Level 3.0 Stealth
 - Level 2.0 Spellcasting
 - Level 1.0 Conjurations
 - Level 1.2 Charms
 + Level 5.2 Ice Magic


You had 2 spell levels left.
You knew the following spells:

 Your Spells              Type           Power        Failure   Level  Hunger
o - Ozocubu's Armour      Chrm/Ice       ##......     14%         3    ###....
t - Throw Frost           Conj/Ice       ##....       10%         2    ###....
z - Freeze                Ice            ###.         1%          1    #......


Dungeon Overview and Level Annotations

Branches:
Dungeon (3/15)

Altars:
Gozag
Nemelex Xobeh

Annotations:
D:3 TBriggs11TB's ghost, amateur MiFi


Innate Abilities, Weirdness & Mutations

You cannot wear most types of armour.
You are amphibious.
You can wear up to eight rings at the same time.
You can use your tentacles to constrict eight enemies at once.
Your skin changes colour to match your surroundings (Stealth).
Your rubbery body absorbs attacks (AC +1).


Message History

Aim: an orc priest, wielding a mace (severely wounded)
You freeze the orc priest.
The orc priest is almost dead.
You are feeling hungry.
The orc hits you. The orc misses you.
The orc priest calls down the wrath of Beogh upon you.
Pain shoots through your body!
* * * LOW HITPOINT WARNING * * *
Casting: Freeze
Confirm with . or Enter, or press ? or * to list all spells.
Aiming: Freeze
Press: ? - help, Shift-Dir - straight line, f/p - orc priest
Aim: an orc priest, wielding a mace (almost dead)
You freeze the orc priest.
You kill the orc priest!
Your Ice Magic skill increases to level 5!
You have reached level 5!
You feel clever. The orc hits you.
You die...

#....#
#.##.#
#####.##.#
#.....#..#
#.#####.##
#.#<#...#
####.#.#.###
#....#.#.#.#
#@####.#...#
....ooo)#
#.....#
#########
#######


You could see 3 orcs.

Vanquished Creatures
  An orc priest (D:3)
  4 adders (D:2)
  2 worms
  A dart slug (D:2)
  2 giant geckos
  5 giant cockroaches
  8 goblins
  4 hobgoblins
  A quokka (D:2)
  4 bats (D:2)
  A giant newt (D:1)
  7 kobolds
  5 rats
45 creatures vanquished.

Notes
Turn   | Place    | Note
--------------------------------------------------------------
     0 | D:1      | hannobal the Octopode Ice Elementalist began the quest for the Orb.
     0 | D:1      | Reached XP level 1. HP: 11/11 MP: 3/3
   168 | D:1      | Reached XP level 2. HP: 13/17 MP: 3/5
   239 | D:1      | Learned a level 2 spell: Throw Frost
   652 | D:1      | You fall through a shaft!
  1041 | D:1      | Reached skill level 4 in Ice Magic
  1361 | D:1      | Reached XP level 3. HP: 21/21 MP: 0/6
  2022 | D:2      | Reached XP level 4. HP: 24/27 MP: 2/7
  2031 | D:2      | Learned a level 3 spell: Ozocubu's Armour
  2074 | D:2      | Found a sparkling altar of Nemelex Xobeh.
  2079 | D:2      | Found an opulent altar of Gozag.
  2242 | D:2      | Reached skill level 1 in Charms
  2538 | D:3      | Noticed TBriggs11TB's ghost (amateur MiFi)
  2612 | D:3      | Reached skill level 5 in Ice Magic
  2612 | D:3      | Reached XP level 5. HP: 4/31 MP: 3/8
  2612 | D:3      | Slain by an orc

Skill      XL: |  1  2  3  4 |
---------------+-------------+-----
Ice Magic      | 4 5 |  5.2
Stealth        | 3 |  3.0
Charms         | 1 |  1.2
Dodging        | |  2.0
Spellcasting   | |  2.0
Conjurations   | |  1.0

Action                   |  1- 3 |  4- 6 || total
-------------------------+-------+-------++-------
Melee: Unarmed           |     1 |       ||     1
       Short sword       |     1 |       ||     1
       Spear             |     3 |     6 ||     9
       Constrict         |     1 |       ||     1
Throw: Stone             |     7 |       ||     7
 Cast: Freeze            |    50 |    19 ||    69
       Throw Frost       |     2 |     2 ||     4
       Ozocubu's Armour  |       |     1 ||     1
  Use: Scroll            |     6 |     1 ||     7
  Eat: Beef jerky        |     2 |       ||     2
       Chunk             |     1 |     2 ||     3
       Bread ration      |     1 |       ||     1
Armor: Skin              |     7 |       ||     7
Dodge: Dodged            |    27 |     8 ||    35
